 Dungeon Crawl Stone Soup version 0.31.0-11-ge490571c62 (webtiles) character file.

Game seed: 13444712128996742900

16 PaiMei the Grave Robber (level 2, -1/19 HPs)
             Began as a Demonspawn Necromancer on Feb 5, 2024.
             Slain by an adder (4 damage)
             ... on level 2 of the Dungeon.
             The game lasted 00:01:09 (1022 turns).

PaiMei the Grave Robber (Demonspawn Necromancer)    Turns: 1022, Time: 00:01:10

Health: -1/19      AC:  2    Str:  8    XL:     2   Next: 41%
Magic:  0/5        EV: 12    Int: 15    God:
Gold:   53         SH:  0    Dex: 13    Spells: 4/5 levels left

rFire   . . .        d - +0 spear
rCold   . . .        (no shield)
rNeg    . . .        a - +0 robe
rPois   .            (no helmet)
rElec   .            (no cloak)
rCorr   .            (no gloves)
SInv    .            (no boots)
Will    .....        (no amulet)
Stlth   ++           (no ring)
HPRegen 0.23/turn    (no ring)
MPRegen 0.09/turn

%: no passive effects
@: lethally poisoned (-1 -> -3), very slightly contaminated
A: claws 1
a: no special abilities


You were on level 2 of the Dungeon.
You visited 1 branch of the dungeon, and saw 2 of its levels.

You collected 53 gold pieces.

Inventory:

Hand Weapons
 d - a +0 spear (weapon)
Missiles
 c - a throwing net
Armour
 a - a +0 robe (worn)
Jewellery
 i - an amulet of guardian spirit
Scrolls
 e - 3 scrolls of identify {unknown}
 g - a scroll of noise {unknown}
 h - a scroll of butterflies {unknown}
Potions
 b - a potion of magic
 f - a potion of ambrosia {unknown}


   Skills:
 + Level 0.0 Fighting
 + Level 2.0 Dodging
 - Level 2.1 Stealth
 + Level 2.2 Spellcasting
 + Level 4.6 Necromancy


You had 4 spell levels left.
You knew the following spells:

 Your Spells              Type           Power      Damage    Failure   Level
a - Necrotise             Necr           60%        1d7       3%          1

Your spell library contained the following spells:

 Spells                   Type           Power      Damage    Failure   Level
 Vampiric Draining        Necr           15%        2d7       10%         3
 Magic Dart               Conj           4%         1d3       22%         1
 Blink                    Tloc           2%         N/A       32%         2
 Call Imp                 Summ           2%         N/A       32%         2
 Lesser Beckoning         Tloc           2%         N/A       32%         2
 Animate Dead             Necr           15%        N/A       32%         4
 Gell's Gravitas          Tloc           1%         N/A       54%         3
 Teleport Other           Tloc           1%         N/A       54%         3
 Curse of Agony           Necr           15%        N/A       65%         5


Dungeon Overview and Level Annotations

Branches:
Dungeon (2/15)

Altars:

Annotations:
D:2 Jessica


Innate Abilities, Weirdness & Mutations

You have sharp fingernails.


Message History

Casting: Necrotise (safe; 3% risk of failure)
Confirm with . or Enter, or press ? or * to list all spells.
Aiming: Necrotise (safe; 3% risk of failure)
Press: ? - help, Shift-Dir - straight line, f/p - adder
Aim: an adder (moderately wounded, chance to affect: 79%)
The adder writhes in agony.
You feel sick. The adder bites you.
Casting: Necrotise (safe; 3% risk of failure)
Confirm with . or Enter, or press ? or * to list all spells.
You don't have enough magic to cast this spell.
Casting: Necrotise (safe; 3% risk of failure)
Confirm with . or Enter, or press ? or * to list all spells.
You don't have enough magic to cast this spell.
Casting: Necrotise (safe; 3% risk of failure)
Confirm with . or Enter, or press ? or * to list all spells.
You don't have enough magic to cast this spell.
Casting: Necrotise (safe; 3% risk of failure)
Confirm with . or Enter, or press ? or * to list all spells.
You don't have enough magic to cast this spell.
Casting: Necrotise (safe; 3% risk of failure)
Confirm with . or Enter, or press ? or * to list all spells.
You don't have enough magic to cast this spell.
You closely miss the adder.
The adder is heavily wounded.
* * * LOW HITPOINT WARNING * * *
You feel sick. The adder barely misses you. The adder closely misses you.
Casting: Necrotise (safe; 3% risk of failure)
Confirm with . or Enter, or press ? or * to list all spells.
You don't have enough magic to cast this spell.
You hit the adder.
The adder is severely wounded.
* * * LOW HITPOINT WARNING * * *
You feel sick. The adder closely misses you.
Casting: Necrotise (safe; 3% risk of failure)
Confirm with . or Enter, or press ? or * to list all spells.
You don't have enough magic to cast this spell.
You miss the adder.
The adder is severely wounded.
* * * LOW HITPOINT WARNING * * *
You feel sick. The adder bites you.
You die...

#>#. #+# #.. #.# #.
#######.### #. #..
......# #. #.# ##....#
#. #.# #<....# #.
#.##.#....#### #.
#.####@#.###......####.
#!...S....#.##.##......
######.###.# #.########
#.#######.# #.........#
###########


You could see an adder.

Vanquished Creatures
  3 ball pythons (D:1)
  A giant cockroach (D:1)
  A hobgoblin (D:1)
  4 jackals (D:1)
  A quokka (D:1)
  A frilled lizard (D:1)
  A goblin (D:1)
  2 kobolds (D:1)
  A rat (D:1)
15 creatures vanquished.

Notes
Turn   | Place    | Note
-------+----------+-------------------------------------------
     0 | D:1      | PaiMei the Demonspawn Necromancer began the quest for the
                  | Orb.
     0 | D:1      | Reached XP level 1. HP: 13/13 MP: 3/3
   386 | D:1      | Gained mutation: You have sharp fingernails. [demonic
                  | ancestry]
   386 | D:1      | Reached XP level 2. HP: 19/19 MP: 0/5
   516 | D:1      | Found a faded altar of an unknown god.
   986 | D:2      | Noticed Jessica
  1022 | D:2      | Slain by an adder

Illustrated notes

Levels and vault maps discovered:
D:1:      minmay_arrival_five_plusses, layout_basic,
          ebering_ecumenical_altar_sacrificial
D:2:      layout_loops_corners, uniq_jessica

Skill      XL: |  1 |
---------------+----+-----
Stealth        | 2 |  2.1
Dodging        | 2 |  2.0
Spellcasting   | |  2.2
Necromancy     | |  4.6

Action                     || total
---------------------------++-------
  Melee: Spear             ||    12
   Cast: Necrotise         ||    22
 Armour: Robe              ||    10
  Dodge: Dodged            ||    12
